 Dungeon Crawl Stone Soup version 0.23.1-37-gaa34b87b72 (webtiles) character file.

Game seed: 17187931076329947269

217 Andrea the Sneak (level 5, -7/24 HPs)
             Began as a Spriggan Enchanter on Mar 20, 2019.
             Mangled by an ogre
             ... wielding a +0 giant club
              (23 damage)
             ... on level 4 of the Dungeon.
             The game lasted 00:06:06 (2392 turns).

Andrea the Sneak (Spriggan Enchanter)               Turns: 2392, Time: 00:06:06

Health: -7/24      AC:  3    Str:  5    XL:     5   Next: 62%
Magic:  3/12       EV: 18    Int: 17    God:
Gold:   94         SH:  0    Dex: 16    Spells: 6/12 levels left

rFire    . . .     SeeInvis +   a - +1 dagger
rCold    . . .     Gourm    .   (shield restricted)
rNeg     . . .     Faith    .   b - +0 robe
rPois    .         Spirit   .   (helmet restricted)
rElec    .         Reflect  .   f - +0 cloak
rCorr    .         Harm     .   (gloves unavailable)
MR       .....                  (boots unavailable)
Stlth    +++.......             (no amulet)
HPRegen  0.08/turn              (no ring)
MPRegen  0.13/turn              (no ring)

@: very quick
A: very small, unfitting armour, see invisible, herbivore, speed 3, slow
metabolism 2
a: no special abilities


You were on level 4 of the Dungeon.
You were not hungry.

You visited 1 branch of the dungeon, and saw 4 of its levels.

You collected 94 gold pieces.

Inventory:

Hand Weapons
 a - a +1 dagger (weapon)
Armour
 b - a +0 robe (worn)
 f - a +0 cloak (worn)
Scrolls
 c - 2 scrolls of teleportation {unknown}
 e - 4 scrolls of identify {unknown}
 h - 3 scrolls of remove curse {unknown}
Potions
 g - a potion of lignification {unknown}
 i - a potion of haste {unknown}
 j - 2 potions of magic {unknown}
Comestibles
 d - 4 rations


   Skills:
 * Level 4.0 Short Blades
 - Level 3.0 Dodging
 + Level 5.8 Stealth
 + Level 4.0 Spellcasting
 + Level 4.7 Hexes


You had 6 spell levels left.
You knew the following spells:

 Your Spells              Type           Power        Failure   Level  Hunger
a - Ensorcelled Hibernat  Hex/Ice        ##....       9%          2    ##.....
b - Corona                Hex            ###....      2%          1    None
c - Confuse               Hex            ###.....     7%          3    ###....

Your spell library contained the following spells:

 Spells                   Type           Power        Failure   Level  Hunger
 Tukima's Dance           Hex            ###.....     7%          3    ###....
 Dazzling Spray           Conj/Hex       ##....       19%         3    ###....


Dungeon Overview and Level Annotations

Branches:
Dungeon (4/15)
 Temple: D:4-7

Altars:
Yredelemnul


Innate Abilities, Weirdness & Mutations

You are very small and have problems with some larger weapons.
You are too small for most types of armour.
You have supernaturally acute eyesight. (SInv)
You are a herbivore.
You cover ground extremely quickly.
You need to consume almost no food.


Message History

Confirm with . or Enter, or press ? or * to list all spells.
Aiming: Ensorcelled Hibernation (safe; 9% risk of failure)
Press: ? - help, Shift-Dir - straight line, f/p - ogre
Aim: an ogre, wielding a +0 giant club (chance to defeat MR: 42%)
The ogre resists with some effort.
Casting: Ensorcelled Hibernation (safe; 9% risk of failure)
Confirm with . or Enter, or press ? or * to list all spells.
Aiming: Ensorcelled Hibernation (safe; 9% risk of failure)
Press: ? - help, Shift-Dir - straight line, f/p - ogre
Aim: an ogre, wielding a +0 giant club (chance to defeat MR: 42%)
The ogre resists with some effort.
Casting: Ensorcelled Hibernation (safe; 9% risk of failure)
Confirm with . or Enter, or press ? or * to list all spells.
Aiming: Ensorcelled Hibernation (safe; 9% risk of failure)
Press: ? - help, Shift-Dir - straight line, f/p - ogre
Aim: an ogre, wielding a +0 giant club (chance to defeat MR: 42%)
The ogre resists with some effort.
The ogre hits you with a +0 giant club!!
Ouch! That really hurt!
You die...

#.#..###.# #.#.#...###.#
#.#......# #.#.......#.#
#.#....#.#.#.#..####.#.#
#.######.#.#.#..#..#.#.#
#..........#.#.......#.#
########.###.#..####.#.#
##.###.#.........#
#....#.#.....#....
#@O###.#####.##### #..#
#............ #++#
##........^.(
###......(....
#.............
####...†)......
#..#...........
#.......[......
#.####...........


You could see an ogre.

Vanquished Creatures
  An ogre (D:4)
  8 adders
  A worm (D:2)
  A dart slug (D:3)
  2 leopard geckos
  3 orcs (D:3)
  6 giant cockroaches (D:1)
  5 goblins
  9 hobgoblins
  4 kobolds
  2 quokkas
  8 bats
  6 frilled lizards
  2 rats
58 creatures vanquished.

Notes
Turn   | Place    | Note
-------+----------+-------------------------------------------
     0 | D:1      | Andrea the Spriggan Enchanter began the quest for the Orb.
     0 | D:1      | Reached XP level 1. HP: 9/9 MP: 5/5
   152 | D:1      | Reached XP level 2. HP: 10/13 MP: 6/6
   172 | D:1      | Learned a level 2 spell: Ensorcelled Hibernation
   546 | D:1      | Reached XP level 3. HP: 13/16 MP: 8/8
   551 | D:1      | Learned a level 3 spell: Confuse
   912 | D:2      | Found a faded altar of an unknown god.
   922 | D:2      | Reached skill level 5 in Stealth
  1254 | D:2      | Reached XP level 4. HP: 21/21 MP: 5/10
  1687 | D:3      | Found a basalt altar of Yredelemnul.
  1840 | D:3      | Noticed a phantom
  2245 | D:4      | Noticed an ogre
  2261 | D:4      | Killed an ogre
  2261 | D:4      | Reached XP level 5. HP: 24/24 MP: 6/12
  2373 | D:4      | Noticed an ogre
  2392 | D:4      | Mangled by an ogre

Skill      XL: |  1  2  3  4  5 |
---------------+----------------+-----
Spellcasting   | 3 4 |  4.0
Short Blades   | 2 3 4 |  4.0
Hexes          | 4 |  4.7
Stealth        | 5 |  5.8
Dodging        | |  3.0

Action                   |  1- 3 |  4- 6 || total
-------------------------+-------+-------++-------
Melee: Dagger            |   137 |    60 ||   197
 Cast: Ensorcelled Hiber |     2 |    14 ||    16
 Stab: Sleeping          |    14 |    13 ||    27
       Distracted        |     1 |       ||     1
Armor: Robe              |    17 |     5 ||    22
Dodge: Dodged            |    89 |    41 ||   130
